 Dungeon Crawl Stone Soup version 0.27.0-1-g7a089689b8 (webtiles) character file.

Game seed: 1314027226606229755

191 MacCMillion the Chiller (level 5, -3/38 HPs)
             Began as a Merfolk Ice Elementalist on Aug 11, 2021.
             Was a Believer of Sif Muna.
             Slain by a phantom (7 damage)
             ... on level 4 of the Dungeon.
             The game lasted 00:20:23 (4902 turns).

MacCMillion the Chiller (Merfolk Ice Elementalist)  Turns: 4902, Time: 00:20:23

Health: -3/38      AC:  2    Str:  9    XL:     5   Next: 70%
Magic:  8/8        EV: 12    Int: 14    God:    Sif Muna [**....]
Gold:   69         SH:  0    Dex: 15    Spells: 4/8 levels left

rFire    . . .     SeeInvis .   t - +0 dagger (venom)
rCold    . . .     Faith    .   (no shield)
rNeg     . . .     Spirit   .   a - +0 robe
rPois    .         Reflect  .   (no helmet)
rElec    .         Harm     .   (no cloak)
rCorr    .         Rampage  .   (no gloves)
Will     .....                  (no boots)
Stlth    ++........             (no amulet)
HPRegen  0.12/turn              (no ring)
MPRegen  0.11/turn              (no ring)

@: no status effects
A: (nimble swimmer 2), mertail
a: Renounce Religion, Channel Magic


You were on level 4 of the Dungeon.
You worshipped Sif Muna.
Sif Muna was pleased with you.
You visited 1 branch of the dungeon, and saw 4 of its levels.

You collected 69 gold pieces.

Inventory:

Hand Weapons
 h - a +0 dagger of protection
 t - a +0 dagger of venom (weapon)
Armour
 a - a +0 robe (worn)
 c - a +1 leather armour
Jewellery
 e - a +6 ring of dexterity
 o - a ring of see invisible
Scrolls
 d - a scroll of brand weapon {unknown}
 f - a scroll of blinking {unknown}
 j - a scroll of enchant armour
 m - a scroll of teleportation {unknown}
 n - 4 scrolls of identify {unknown}
 p - a scroll of torment {unknown}
 q - a scroll of amnesia {unknown}
 r - a scroll of summoning {unknown}
 s - a scroll of magic mapping {unknown}
Potions
 b - a potion of magic {unknown}
 g - 2 potions of haste
 i - 2 potions of curing {unknown}
 k - 2 potions of attraction {unknown}
 l - a potion of heal wounds {unknown}


   Skills:
 * Level 2.2 Fighting
 - Level 2.6 Dodging
 - Level 2.1 Stealth
 - Level 2.0 Spellcasting
 + Level 7.0 Ice Magic


You had 4 spell levels left.
You knew the following spells:

 Your Spells              Type           Power      Damage    Failure   Level
a - Freeze                Ice            84%        1d10      1%          1
b - Frozen Ramparts       Ice            42%        1d6       4%          3

Your spell library contained the following spells:

 Spells                   Type           Power      Damage    Failure   Level
 Ozocubu's Armour         Ice            21%        N/A       4%          3
 Magic Dart               Conj           4%         1d3       24%         1
 Sting                    Tmut/Pois      4%         1d3       24%         1
 Call Imp                 Summ           1%         N/A       34%         2
 Poisonous Vapours        Pois/Air       2%         N/A       34%         2
 Hailstorm                Conj/Ice       11%        3d5       50%         4
 Mephitic Cloud           Conj/Pois/Air  1%         N/A       56%         3
 Olgreb's Toxic Radiance  Pois           1%         N/A       93%         4


Dungeon Overview and Level Annotations

Branches:
Dungeon (4/15)
 Temple: D:4-7

Altars:
Okawaru
Sif Muna
Wu Jian

Shops:
D:2 :


Innate Abilities, Weirdness & Mutations

((You are quick and stealthy near water. (Stealth+, EV+, Speed+++)))
Your lower body shifts to a powerful aquatic tail in water.


Message History

Unknown command.
There are monsters nearby!
Unknown command.
Found a stone staircase leading down.
The worm bites you! The worm bites you!
There is a stone staircase leading up, spattered with blood here.
The phantom hits you.
* * * LOW HITPOINT WARNING * * *
The phantom blinks!
You blink.
You stop ascending the stairs.
A phantom is nearby!
Unknown command.
A phantom is nearby!
A phantom is nearby!
A phantom is nearby!
The phantom hits you.
* * * LOW HITPOINT WARNING * * *
The phantom blinks!
You blink.
Found a scroll labelled YXOW KOIRU.
Found 20 arrows.
Found a scroll labelled GEUWKA ARUG.
A goblin comes into view. It is wielding a +0 club.
The goblin shouts!
The goblin hits you but does no damage. The goblin hits you with a +0 club.
* * * LOW HITPOINT WARNING * * *
You see here a scroll labelled YXOW KOIRU.
The kobold throws a stone.
The stone closely misses you.
The goblin unwields a +0 club.
The goblin wields a +0 hunting sling.
The goblin shoots a stone.
The stone hits you.
* * * LOW HITPOINT WARNING * * *
The kobold throws a stone.
The stone barely misses you.
You hit the kobold.
The kobold is moderately wounded.
The kobold hits you but does no damage. The phantom closely misses you.
You closely miss the kobold.
The kobold is moderately wounded.
The goblin unwields a +0 hunting sling.
The goblin wields a +0 club.
The goblin hits you but does no damage. The phantom hits you!
You die...

..#...#.....:###
#.###.........#
#.##......###.#
#.##....#.# K..
#.....w##.# ###..
######.#......... $
#........:..##.##
#.###....#K###.##.
#.##..####@###....
#####.....#
#Wg......
#.......###
#..##.... .....##.#
####?.#..###
.(....#.###.......#
............#..####
......####.....#
.....# #.###.#
..... #.# #.#


You could see a phantom, a worm, a goblin and a kobold.

Vanquished Creatures
  An iguana (D:3)
  Robin (D:3)
  4 adders
  An ufetubus (D:3)
  3 worms
  A dart slug (D:2)
  2 ball pythons
  A bat (D:1)
  8 endoplasms
  6 giant cockroaches
  11 hobgoblins
  18 jackals
  6 kobolds
  4 quokkas
  6 frilled lizards
  11 goblins
  8 rats
92 creatures vanquished.

Notes
Turn   | Place    | Note
-------+----------+-------------------------------------------
     0 | D:1      | MacCMillion the Merfolk Ice Elementalist began the quest
                  | for the Orb.
     0 | D:1      | Reached XP level 1. HP: 13/13 MP: 3/3
   409 | D:1      | Reached XP level 2. HP: 19/19 MP: 5/5
   672 | D:1      | Reached skill level 5 in Ice Magic
  1034 | D:1      | Found a faded altar of an unknown god.
  1132 | D:1      | Became a worshipper of Sif Muna the Loreminder
  1132 | D:1      | Reached * piety under Sif Muna
  1318 | D:2      | Reached XP level 3. HP: 24/24 MP: 6/6
  1445 | D:1      | Learned a level 3 spell: Frozen Ramparts
  1868 | D:2      | Reached skill level 6 in Ice Magic
  1879 | D:2      | Reached XP level 4. HP: 30/30 MP: 2/7
  1993 | D:2      | Reached ** piety under Sif Muna
  2013 | D:2      | Found an ornate altar of the Wu Jian Council.
  2158 | D:2      | Found Fereq's Book Shoppe.
  2845 | D:3      | Noticed Robin
  2940 | D:3      | Killed Robin
  2941 | D:3      | Reached XP level 5. HP: 35/35 MP: 4/8
  3153 | D:3      | Reached skill level 7 in Ice Magic
  3301 | D:3      | Reached skill level 1 in Fighting
  3406 | D:3      | Found an iron altar of Okawaru.
  3894 | D:4      | Noticed a phantom
  3902 | D:4      | Noticed an ogre
  4774 | D:3      | Found an iron altar of Okawaru.
  4902 | D:4      | Slain by a phantom

Illustrated notes

Levels and vault maps discovered:
D:1:      minmay_arrival_five_plusses, layout_basic,
          ebering_ecumenical_altar_webs, minmay_unequal
D:2:      layout_loops_ring, serial_shops, shop, basic_altar
D:3:      layout_basic, okawaru_gym_becter, uniq_robin
D:4:      layout_rooms, mainiacjoe_overflow_alcove_1, xom_teletrap_fun

Skill      XL: |  1  2  3  4  5 |
---------------+----------------+-----
Ice Magic      | 5 6 7 |  7.0
Fighting       | 2 |  2.2
Dodging        | |  2.6
Stealth        | |  2.1
Spellcasting   | |  2.0

Action                   |  1- 3 |  4- 6 || total
-------------------------+-------+-------++-------
Melee: Mace              |     4 |       ||     4
       Dagger            |    27 |    41 ||    68
 Cast: Freeze            |    54 |    42 ||    96
       Frozen Ramparts   |     1 |     8 ||     9
  Use: Scroll            |       |     1 ||     1
       Potion            |       |     1 ||     1
 Stab: Sleeping          |     1 |     4 ||     5
       Distracted        |     1 |       ||     1
Armor: Robe              |    19 |    22 ||    41
Dodge: Dodged            |    35 |    46 ||    81
